 Dungeon Crawl Stone Soup version 0.25-a0-73-g9796ba8d15 (webtiles) character file.

Game seed: 17037659488804536660, levelgen mode: deterministic

109062 fagic the Cleaver (level 16, -8/120 HPs)
             Began as an Octopode Monk on Nov 6, 2019.
             Was the Champion of Makhleb.
             Shot with an arrow by a deep elf archer (17 damage)
             ... on level 1 of the Elven Halls.
             The game lasted 01:08:55 (41884 turns).

fagic the Cleaver (Octopode Monk)                  Turns: 41884, Time: 01:08:56

Health: -8/120     AC:  4    Str: 17    XL:     16   Next: 51%
Magic:  24/24      EV: 17    Int: 15    God:    Makhleb [******]
Gold:   302        SH: 15    Dex: 11    Spells: 9/15 levels left

rFire    + + .     SeeInvis +   U - +7 broad axe of Kismet {venom, +Inv rN+ Dex-4}
rCold    + . .     Gourm    .   c - +5 shield
rNeg     + + +     Faith    .   (helmet restricted)
rPois    .         Spirit   .   (no amulet)
rElec    .         Reflect  .   w - +3 ring of strength
rCorr    +         Harm     .   D - ring of protection from fire
MR       +....                  x - ring of protection from fire
Stlth    +++.......             O - ring of ice
HPRegen  0.30/turn              z - ring of positive energy
MPRegen  0.19/turn              R - ring "Huisusm" {rN+ rCorr}
                                C - ring of Usoshra {rF+ rN+ AC+3}
                                G - ring of see invisible

@: no status effects
A: almost no armour, stealthy swim, amphibious, 8 rings, constrict 8, camouflage
1, gelatinous body 1
a: Minor Destruction, Lesser Servant of Makhleb, Major Destruction, Greater
Servant of Makhleb, Renounce Religion, Evoke Invisibility


You were on level 1 of the Elven Halls.
You worshipped Makhleb.
Makhleb was exalted by your worship.
You were very hungry.

You visited 4 branches of the dungeon, and saw 24 of its levels.
You also visited: Sewer, Bailey, Gauntlet, Ice Cave and Volcano.

You collected 2975 gold pieces.
You spent 2673 gold pieces at shops.

Inventory:

Hand Weapons
 d - the +8 whip "Snakebite" {curare, rPois}
   (You found it on level 1 of the Lair of Beasts)

   It poisons the flesh of those it strikes.
   It protects you from poison.
 F - the +7 spear "Kotz" {venom, +Blink rPois rC+ Dex+3}
   (You found it in an ice cave)

   It poisons the flesh of those it strikes.
   It affects your dexterity (+3).
   It protects you from cold.
   It protects you from poison.
   It lets you blink.
 U - the +7 broad axe of Kismet (weapon) {venom, +Inv rN+ Dex-4}
   (You found it in a Gauntlet)

   It poisons the flesh of those it strikes.
   It affects your dexterity (-4).
   It protects you from negative energy.
   It lets you turn invisible.
Missiles
 o - 5 curare-tipped darts (quivered)
 A - 5 throwing nets {!f}
Armour
 c - a +5 shield (worn)
Jewellery
 w - a +3 ring of strength (left tentacle)
 x - a ring of protection from fire (on tentacle)
 z - a ring of positive energy (on tentacle)
 C - the ring of Usoshra (on tentacle) {rF+ rN+ AC+3}
   (You acquired it on level 1 of the Elven Halls)

   [ring of protection]

   It affects your AC (+3).
   It protects you from fire.
   It protects you from negative energy.
 D - a ring of protection from fire (right tentacle)
 G - a ring of see invisible (on tentacle)
 O - a ring of ice (on tentacle)
 Q - an uncursed amulet of harm {unknown}
 R - the ring "Huisusm" (on tentacle) {rN+ rCorr}
   (You found it in a Gauntlet)

   [ring of resist corrosion]

   It protects you from negative energy.
   It provides partial protection from all sources of acid and corrosion.
Wands
 a - a wand of flame (12)
 h - a wand of enslavement (12)
 l - a wand of acid (21)
 n - a wand of paralysis (21)
 u - a wand of iceblast (7)
 I - a wand of clouds (5)
 K - a wand of digging (6)
 L - a wand of scattershot (2)
 P - a wand of polymorph (5)
Scrolls
 f - 5 scrolls of enchant weapon
 g - 6 scrolls of fear
 k - 9 scrolls of teleportation {@r3}
 p - a scroll of summoning
 q - 2 scrolls of blinking
 t - a scroll of immolation
 y - 3 scrolls of fog
 X - 3 scrolls of remove curse {@r2}
 Z - a scroll of vulnerability
Potions
 e - 4 potions of lignification
 i - 6 potions of haste
 j - 10 potions of curing {@q1}
 m - 2 potions of cancellation
 r - 8 potions of might
 s - 7 potions of magic
 B - a potion of invisibility {unknown}
 E - 4 potions of heal wounds
 H - 4 potions of berserk rage
 J - 5 potions of resistance {unknown}
 M - 6 potions of mutation
 N - 3 potions of ambrosia {unknown}
 T - 3 potions of brilliance
 Y - a potion of agility
Miscellaneous
 v - 2 boxes of beasts
 V - a phantom mirror
 W - a phial of floods
Comestibles
 b - 30 rations


   Skills:
 * Level 14.4 Fighting
   Level 3.0 Short Blades
 + Level 14.8(15.9) Axes
 - Level 3.3(10.4) Maces & Flails
 - Level 10.1(13.6) Polearms
 - Level 11.0 Dodging
 - Level 2.6 Stealth
 + Level 7.8 Shields
 - Level 6.0 Invocations
 + Level 11.8 Evocations


You had 9 spell levels left.
You knew the following spells:

 Your Spells              Type           Power        Failure   Level  Hunger
a - Passwall              Tmut/Erth      #.......     71%         2    ###....
b - Summon Lightning Spi  Summ/Air       #.......     100%        4    #####..

Your spell library contained the following spells:

 Spells                   Type           Power        Failure   Level  Hunger
 Beastly Appendage        Tmut           #.....       56%         1    ##.....
 Sandblast                Erth           #.....       56%         1    ##.....
 Summon Small Mammal      Summ           #...         56%         1    ##.....
 Call Imp                 Summ           #.......     71%         2    ###....
 Sticks to Snakes         Tmut           #.......     71%         2    ###....
 Call Canine Familiar     Summ           #.......     90%         3    ####...
 Spider Form              Tmut/Pois      #.........   90%         3    ####...
 Stone Arrow              Conj/Erth      #.....       90%         3    ####...
 Summon Guardian Golem    Hex/Summ       #.......     90%         3    ####...
 Ice Form                 Ice/Tmut       #.......     100%        4    #####..
 Petrify                  Tmut/Erth      #.......     100%        4    #####..
 Summon Ice Beast         Ice/Summ       #.......     100%        4    #####..
 Blade Hands              Tmut           #.........   100%        5    ######.
 Lee's Rapid Deconstruct  Erth           #.........   100%        5    ######.
 Metabolic Englaciation   Hex/Ice        #.........   100%        5    ######.
 Bolt of Cold             Conj/Ice       #.........   100%        6    #######
 Freezing Cloud           Conj/Ice/Air   #.........   100%        6    #######
 Ozocubu's Refrigeration  Ice            #.........   100%        6    #######
 Simulacrum               Ice/Necr       #.........   100%        6    #######


Dungeon Overview and Level Annotations

Branches:
Dungeon (15/15)            Temple (0/1) D:7            Lair (6/6) D:8
  Swamp (0/4) Lair:2        Snake (0/4) Lair:2        Slime (0/5) Lair:6
    Orc (2/2) D:11            Elf (1/3) Orc:2        Vaults (0/5) D:14
  Sewer (visited)          Bailey (visited)           IceCv (visited)
Volcano (visited)         Gauntlet (visited)
 Depths: D:15

Altars:
Cheibriados
Dithmenos
Elyvilon
Gozag
Kikubaaqudgha
Makhleb
Qazlal
Sif Muna
Trog
Uskayaw
Vehumet
Wu Jian
The Shining One
Beogh

Shops:
D:4 (   D:12 ?*[((   Orc:2 }![(

Annotations:
D:13 3 runed translucent doors, Gargoyl's ghost, journeyman DrAK
Lair:4 3 runed translucent doors, Pein's ghost, journeyman VSTm
Elf:1 2 transporters, CymothoaExigua's ghost, adept OpEE


Innate Abilities, Weirdness & Mutations

You cannot wear most types of armour.
You are very stealthy in the water. (Stealth+)
You are amphibious.
You can wear up to eight rings at the same time.
You can use your tentacles to constrict eight enemies at once.
Your skin changes colour to match your surroundings (Stealth+).
Your rubbery body absorbs attacks. (AC +1, EV +1)


Message History

The deep elf mage casts a spell at you. The bolt of magma hits you!
You partially resist.
The deep elf archer shoots an arrow.
You block the arrow.
You slash the deep elf mage!
The deep elf mage looks as sick as possible!
Your grab misses the deep elf mage. Your squeeze misses the deep elf mage.
The deep elf mage misses you.
The deep elf mage gestures at you while chanting.
The bolt of magma hits you! You partially resist.
You barely miss the deep elf mage. You grab the deep elf mage.
You constrict the deep elf mage.
The deep elf archer shoots an arrow.
The arrow hits you! The arrow burns you.
The deep elf archer shoots an arrow.
The arrow hits you!!!
* * * LOW HITPOINT WARNING * * *
You block the deep elf mage's attack. The deep elf mage casts a spell at you.
The bolt of fire hits you! You resist.
* * * LOW HITPOINT WARNING * * *
The deep elf archer shoots an arrow.
The arrow hits you!
You die...

......# #..# ..#####
##.######## # ..'##
#..........# '##.##
##.#######.#
.###.#######.........#
.# ##.##.>.#≈≈≈≈≈≈≈≈≈#
.# ##.#..(#≈≈≈≈≈≈≈≈≈# .#
###)..#8≈≈§≈≈≈≈8# .####
#...#####@##### '#.>#
#.=.=..e)e..e.# ....#
#...#......e..#
....########ee#####..'..
....'..#..)'..#####..#..
....####)..#.....((..# #
....# #)).#(...)....'
##..# ######e##'#####.
#### #....(E.#)..).#


You could see 3 deep elf archers and 3 deep elf magi.

Vanquished Creatures
  An orc warlord (Orc:2)
  A minotaur (Gauntlet)
  An ettin (Orc:1)
  A fire dragon (D:15)
  A vault guard (D:14)
  Harold (Orc:1)
  2 catoblepae (Lair:6)
  7 hydras
  2 centaur warriors
  A death knight (D:14)
  4 two-headed ogres
  3 dancing weapons (Elf:1)
  An ogre mage (D:14)
  8 death yaks (Lair:6)
  A tengu warrior (D:14)
  An orc high priest (Orc:2)
  4 deep elf knights (Elf:1)
  Sonja (Lair:2)
  4 skeletal warriors
  4 unseen horrors
  2 deep elf archers (Elf:1)
  Pikel (D:9)
  A phantasmal warrior (D:14)
  A necromancer (IceCv)
  9 ugly things
  6 orc sorcerers
  An oklob plant (Lair:1)
  19 deep elf magi
  6 manticores
  4 cyclopes
  The ghost of Conn the Sneak, a novice OpFE of Sif Muna (D:6)
  3 centaur zombies
  5 elephants (Lair:5)
  Maurice (Orc:1)
  3 ice statues (IceCv)
  4 gargoyles
  7 spiny frogs
  4 komodo dragons
  5 black mambas
  4 kobold demonologists
  A rime drake (Lair:1)
  10 ice devils
  4 hornets
  A queen bee (Gauntlet)
  A merfolk (D:11)
  3 meliai (D:14)
  A tengu conjurer (D:14)
  A polar bear (Lair:2)
  2 trolls
  A wolf spider simulacrum (Gauntlet)
  8 slime creatures
  12 blink frogs
  4 dream sheep (Lair:6)
  A hippogriff (shapeshifter) (D:14)
  2 alligator skeletons (Volcano)
  3 centaur simulacra
  A water elemental (Elf:1)
  4 air elementals (Elf:1)
  2 flying skulls (Volcano)
  11 hippogriffs
  Sigmund (D:4)
  2 vampires
  A shadow (D:14)
  30 yaks
  A wraith (D:13)
  6 wyverns
  A basilisk (shapeshifter) (D:14)
  2 basilisks
  3 fire elementals (Elf:1)
  3 hungry ghosts
  A steam dragon (D:12)
  3 wargs
  A naga (Lair:2)
  A soldier ant (D:11)
  17 water moccasins
  An acid dragon (D:13)
  5 porcupines
  An eye of draining (D:12)
  2 slaves (D:9)
  A black bear (Lair:4)
  35 orc warriors
  3 ice beasts
  A sky beast (D:5)
  3 phantoms
  15 wolves
  2 necrophages
  11 ogres
  2 centaurs
  16 crocodiles
  17 big kobolds
  3 earth elementals (Elf:1)
  15 bullfrogs
  A water moccasin zombie (D:7)
  A wyvern zombie (D:13)
  A scorpion (D:7)
  A water moccasin skeleton (D:8)
  11 killer bees
  A troll skeleton (Volcano)
  4 electric eels
  22 wights
  A howler monkey (D:6)
  A spriggan skeleton (Volcano)
  4 crimson imps
  A draconian simulacrum (IceCv)
  8 jellies
  A quasit (D:5)
  8 hounds
  4 bullfrog zombies
  16 orc priests
  A bullfrog skeleton (D:13)
  4 centaur skeletons
  A gnoll shaman (Orc:1)
  11 iguanas
  Natasha (thrice) (D:2)
  32 orc wizards
  A spriggan simulacrum (IceCv)
  10 worker ants
  3 troll simulacra (IceCv)
  A killer bee zombie (D:7)
  A naga skeleton (Volcano)
  15 gnolls
  A howler monkey skeleton (D:4)
  An ogre simulacrum (IceCv)
  17 adders
  2 naga simulacra (IceCv)
  3 river rats
  2 shadow imps
  6 oozes
  2 adder zombies
  3 worms
  An adder skeleton (D:8)
  4 dart slugs
  7 leopard geckos
  78 orcs
  A bat zombie (D:3)
  5 giant cockroaches
  10 goblins
  17 hobgoblins
  8 jackals
  47 kobolds
  7 quokkas
  6 ball pythons
  11 bats
  A frilled lizard (D:5)
  A giant cockroach zombie (D:6)
  A jackal skeleton (D:4)
  2 leopard gecko skeletons (D:4)
  12 rats
  2 rat zombies (D:3)
  3 fungi
  3 plants
848 creatures vanquished.

Vanquished Creatures (collateral kills)
  A catoblepas (Lair:6)
  A two-headed ogre (D:12)
  A skeletal warrior (D:8)
  An orc knight (Bailey)
  2 oklob plants (Lair:1)
  A deep elf mage (D:14)
  An ugly thing (D:11)
  A black mamba (Lair:3)
  A cyclops (shapeshifter) (D:8)
  A komodo dragon (Lair:3)
  A polar bear (Lair:6)
  Prince Ribbit (D:6)
  A slime creature (D:12)
  A hippogriff (D:8)
  A blink frog (Lair:4)
  A dream sheep (Lair:6)
  A basilisk (D:14)
  5 yaks
  2 nagas (Lair:2)
  A hydra simulacrum (Gauntlet)
  A water moccasin (Lair:6)
  A porcupine (Lair:3)
  An ice beast (D:7)
  2 crocodiles
  6 wights (D:8)
  An iguana (D:12)
  An orc wizard (D:6)
  A gnoll (Bailey)
  An adder (D:8)
  3 orcs
  2 kobolds (D:8)
  A quokka skeleton (D:8)
  A fungus (Lair:3)
48 creatures vanquished.

Vanquished Creatures (others)
  A dancing weapon (Elf:1)
  A deep elf mage (Elf:1)
  A flying skull (Volcano)
  An orc warrior (Orc:1)
  2 slaves (D:9)
  A wolf (Lair:6)
  A quasit (D:14)
  3 fungi
  5 plants
16 creatures vanquished.

Grand Total: 912 creatures vanquished

Notes
Turn   | Place    | Note
-------+----------+-------------------------------------------
     0 | D:1      | fagic the Octopode Monk began the quest for the Orb.
     0 | D:1      | Reached XP level 1. HP: 16/16 MP: 1/1
   251 | D:1      | Reached XP level 2. HP: 20/21 MP: 2/2
   437 | D:1      | Reached XP level 3. HP: 4/27 MP: 3/3
  1067 | D:2      | Reached XP level 4. HP: 30/34 MP: 4/4
  1129 | D:2      | Found a burning altar of Makhleb.
  1235 | D:2      | Became a worshipper of Makhleb the Destroyer
  1235 | D:2      | Reached * piety under Makhleb
  1235 | D:2      | Reached ** piety under Makhleb
  1482 | D:2      | Found a glowing golden altar of the Shining One.
  1602 | D:2      | Noticed Natasha
  1611 | D:2      | Killed Natasha
  1611 | D:2      | Reached skill level 1 in Invocations
  1611 | D:2      | Reached XP level 5. HP: 38/38 MP: 4/6
  1966 | D:2      | Found a glowing golden altar of the Shining One.
  2172 | D:2      | Found a burning altar of Makhleb.
  2260 | D:2      | Noticed Natasha
  2267 | D:2      | Killed Natasha
  2668 | D:2      | Found a burning altar of Makhleb.
  2934 | D:2      | Found a glowing golden altar of the Shining One.
  2958 | D:2      | Noticed Natasha
  2960 | D:2      | Killed Natasha
  3036 | D:3      | Reached skill level 5 in Fighting
  3074 | D:3      | Found a glowing drain.
  3078 | Sewer    | Entered a sewer
  3141 | Sewer    | Noticed a big kobold
  3152 | Sewer    | Killed a big kobold
  3152 | Sewer    | Reached XP level 6. HP: 32/45 MP: 6/8
  3924 | D:3      | Reached *** piety under Makhleb
  4035 | D:3      | Reached XP level 7. HP: 49/52 MP: 9/9
  4349 | D:3      | Found an ancient bone altar of Kikubaaqudgha.
  4556 | D:4      | Reached skill level 5 in Dodging
  4625 | D:4      | Reached skill level 1 in Evocations
  4840 | D:4      | Noticed Sigmund
  4842 | D:4      | Killed Sigmund
  4896 | D:4      | Reached XP level 8. HP: 50/58 MP: 9/11
  4939 | D:4      | Found Fousala's Antique Weapon Emporium.
  5043 | D:4      | Bought a runed falchion for 156 gold pieces
  5574 | D:5      | Entered Level 5 of the Dungeon
  5719 | D:5      | Reached **** piety under Makhleb
  5808 | D:5      | Found a shimmering blue altar of Sif Muna.
  5808 | D:5      | Found a white marble altar of Elyvilon.
  6268 | D:5      | Reached XP level 9. HP: 48/64 MP: 12/12
  6500 | D:5      | Found a snail-covered altar of Cheibriados.
  6796 | D:6      | Noticed Conn's ghost (novice OpFE)
  6798 | D:6      | Found a runed translucent door.
  7306 | D:6      | Noticed Prince Ribbit
  7318 | D:6      | Killed Prince Ribbit
  7753 | D:6      | Found a hide-covered altar of Uskayaw.
  7982 | D:7      | Found a stormy altar of Qazlal.
  8452 | D:7      | Found a staircase to the Ecumenical Temple.
  8689 | D:7      | Reached skill level 10 in Dodging
  9474 | D:8      | Found an ornate altar of the Wu Jian Council.
  9510 | D:8      | Reached XP level 10. HP: 50/72 MP: 13/13
  9550 | D:8      | Found a staircase to the Lair.
  9556 | D:8      | Found a shadowy altar of Dithmenos.
  9598 | D:8      | Found a flagged portal.
  9607 | Bailey   | Entered a bailey
  9654 | Bailey   | Reached skill level 1 in Maces & Flails
  9731 | Bailey   | Noticed an orc knight
  9749 | Bailey   | Killed an orc knight
 10242 | Bailey   | Reached skill level 5 in Polearms
 10242 | Bailey   | Reached XP level 11. HP: 83/83 MP: 14/14
 10936 | D:9      | Noticed Pikel
 10952 | D:9      | Killed Pikel
 10952 | D:9      | Reached ***** piety under Makhleb
 11824 | D:8      | Noticed a red ugly thing
 11831 | D:8      | Killed a red ugly thing
 11868 | D:8      | Noticed a skeletal warrior
 11868 | D:8      | Noticed a deep elf mage
 11905 | D:8      | Killed a skeletal warrior
 11908 | D:8      | Killed a deep elf mage
 12063 | D:8      | Noticed a glowing orange brain
 12065 | D:8      | Noticed a cyclops
 12065 | D:8      | a glowing orange brain changed into a cyclops
 12069 | D:8      | Killed a cyclops
 12352 | D:10     | Entered Level 10 of the Dungeon
 12429 | D:10     | Noticed a two-headed ogre
 12439 | D:10     | Killed a two-headed ogre
 12525 | D:10     | Noticed a two-headed ogre
 12802 | D:10     | Killed a two-headed ogre
 12802 | D:10     | Reached XP level 12. HP: 76/91 MP: 15/15
 13506 | D:10     | Reached skill level 5 in Invocations
 13815 | D:11     | Found a gate leading to a gauntlet.
 13828 | Gauntlet | Entered a Gauntlet
 13828 | Gauntlet | Found a transporter.
 13828 | Gauntlet | Found a transporter.
 13849 | Gauntlet | Found a transporter.
 13851 | Gauntlet | Found a transporter.
 13857 | Gauntlet | Found a runed translucent gate.
 13857 | Gauntlet | Found a runed translucent gate.
 13858 | Gauntlet | Found a runed translucent gate.
 13859 | Gauntlet | Found a transporter.
 13863 | Gauntlet | Found a transporter.
 13872 | Gauntlet | Found a transporter.
 13891 | Gauntlet | Found a transporter.
 13909 | Gauntlet | Found a transporter.
 13913 | Gauntlet | Found a transporter.
 13921 | Gauntlet | Found a transporter.
 13925 | Gauntlet | Found a transporter.
 13927 | Gauntlet | Found the +2 Maxwell's thermic engine {flame, freeze}
 14619 | Gauntlet | Got a clouded lapis lazuli ring
 14641 | Gauntlet | Identified the ring "Huisusm" {rN+ rCorr} (You found it in
                  | a Gauntlet)
 14655 | Gauntlet | Identified the cursed +0 war axe of Valiance {drain, rN+
                  | Stlth+}
 14655 | Gauntlet | Noticed a minotaur
 14675 | Gauntlet | Killed a minotaur
 14675 | Gauntlet | Reached skill level 10 in Polearms
 14727 | Gauntlet | Got a steaming broad axe
 14750 | Gauntlet | Identified the +7 broad axe of Kismet {venom, +Inv rN+
                  | Dex-4} (You found it in a Gauntlet)
 14944 | D:11     | Reached skill level 1 in Axes
 15287 | D:11     | Found a staircase to the Orcish Mines.
 16103 | D:11     | Reached skill level 5 in Evocations
 16393 | D:11     | You fall into a shaft and drop 1 floor!
 16637 | D:12     | Found Peff's Weapon Shop.
 17229 | D:11     | Found a staircase to the Orcish Mines.
 17913 | D:12     | Found Kethurigor's Armour Emporium.
 17916 | D:12     | Found Mekkim's Antique Weapon Shoppe.
 17958 | D:12     | Noticed a two-headed ogre
 17974 | D:12     | Killed a two-headed ogre
 18141 | D:12     | Found Quwkoana's General Store.
 18152 | D:12     | Bought a crude war axe for 306 gold pieces
 19067 | D:12     | Bought a potion of curing for 48 gold pieces
 19067 | D:12     | Bought a wand of paralysis (10) for 192 gold pieces
 19067 | D:12     | Bought a potion of curing for 48 gold pieces
 19067 | D:12     | Bought a potion of cancellation for 128 gold pieces
 19203 | D:12     | Reached XP level 13. HP: 98/98 MP: 18/18
 19227 | D:12     | Found Exugi's Magic Scroll Shop.
 19235 | D:12     | Bought a scroll of immolation for 38 gold pieces
 19235 | D:12     | Bought a scroll of blinking for 82 gold pieces
 19235 | D:12     | Bought a scroll of identify for 22 gold pieces
 19238 | D:12     | Identified the +0 war axe of the Crushed Realms {chop,
                  | Dex+4} (You bought it in a shop on level 12 of the Dungeon)
 19475 | D:12     | Reached skill level 5 in Axes
 19921 | D:12     | Found Quwkoana's General Store.
 19924 | D:12     | Found Mekkim's Antique Weapon Shoppe.
 19939 | D:12     | Found Kethurigor's Armour Emporium.
 19970 | D:12     | Found Peff's Weapon Shop.
 20088 | D:12     | Found Exugi's Magic Scroll Shop.
 20454 | Lair:1   | Entered Level 1 of the Lair of Beasts
 20672 | Lair:1   | Reached skill level 1 in Shields
 20996 | Lair:1   | Identified a scroll of acquirement
 21411 | Lair:1   | Found the +8 whip "Snakebite" {curare, rPois}
 21759 | Lair:1   | Learned a level 2 spell: Passwall
 22000 | Lair:2   | Found a staircase to the Swamp.
 22511 | Lair:2   | Found a staircase to the Snake Pit.
 22850 | Lair:2   | Noticed Sonja
 22859 | Lair:2   | Killed Sonja
 25360 | Lair:4   | Found an opulent altar of Gozag.
 25552 | Lair:4   | Reached skill level 10 in Evocations
 25570 | Lair:4   | Reached XP level 14. HP: 100/104 MP: 21/21
 25662 | Lair:4   | Found a runed translucent gate.
 25663 | Lair:4   | Found a runed translucent gate.
 25703 | Lair:4   | Found a runed translucent gate.
 25704 | Lair:4   | Noticed Pein's ghost (journeyman VSTm)
 27486 | Lair:6   | Entered Level 6 of the Lair of Beasts
 27596 | Lair:6   | Found a staircase to the Slime Pits.
 28306 | Lair:6   | Reached skill level 10 in Axes
 30812 | D:6      | Killed Conn's ghost
 31572 | D:13     | Identified the +5 short sword of the Hills {pierce, rF++}
 31582 | D:13     | Reached XP level 15. HP: 82/109 MP: 23/23
 32007 | D:13     | Found a runed translucent gate.
 32007 | D:13     | Found a runed translucent gate.
 32007 | D:13     | Found a runed translucent gate.
 32029 | D:13     | Noticed Gargoyl's ghost (journeyman DrAK)
 32303 | D:13     | Learned a level 4 spell: Summon Lightning Spire
 32401 | D:14     | Found a frozen archway.
 32419 | IceCv    | Entered an ice cave
 33125 | IceCv    | Reached skill level 5 in Shields
 33151 | IceCv    | Got an iridescent spear
 33461 | D:14     | Identified the +7 spear "Kotz" {venom, +Blink rPois rC+
                  | Dex+3} (You found it in an ice cave)
 33506 | D:14     | Reached ****** piety under Makhleb
 34746 | D:14     | Found a gate to the Vaults.
 35271 | D:15     | Entered Level 15 of the Dungeon
 36024 | D:11     | Found a staircase to the Orcish Mines.
 36218 | Orc:1    | Entered Level 1 of the Orcish Mines
 36585 | Orc:1    | Found a roughly hewn altar of Beogh.
 36610 | Orc:1    | Noticed Harold
 36665 | Orc:1    | Killed Harold
 36747 | Orc:1    | Noticed Maurice
 36768 | Orc:1    | Killed Maurice
 37237 | Orc:2    | Entered Level 2 of the Orcish Mines
 37333 | Orc:2    | Found a roughly hewn altar of Beogh.
 37384 | Orc:2    | Found a roughly hewn altar of Beogh.
 37483 | Orc:2    | Found a dark tunnel.
 37492 | Volcano  | Entered a volcano
 37761 | Volcano  | Reached XP level 16. HP: 52/117 MP: 24/24
 38414 | Orc:2    | Found Ceczops's Antique Armour Shoppe.
 38414 | Orc:2    | Found a roughly hewn altar of Beogh.
 38417 | Orc:2    | Found Ferchenea's Antique Weapon Emporium.
 38480 | Orc:2    | Found a staircase to the Elven Halls.
 38830 | Orc:2    | Found a roughly hewn altar of Beogh.
 38830 | Orc:2    | Found Molayrphu's Distillery.
 38885 | Orc:2    | Bought 2 potions of berserk rage for 110 gold pieces
 38885 | Orc:2    | Bought a potion of might for 44 gold pieces
 38885 | Orc:2    | Bought a potion of magic for 88 gold pieces
 38885 | Orc:2    | Bought a potion of mutation for 88 gold pieces
 38885 | Orc:2    | Bought a potion of might for 44 gold pieces
 38885 | Orc:2    | Bought a potion of might for 44 gold pieces
 38885 | Orc:2    | Bought a potion of magic for 88 gold pieces
 38885 | Orc:2    | Bought a potion of heal wounds for 55 gold pieces
 38885 | Orc:2    | Bought a potion of haste for 110 gold pieces
 38944 | Orc:2    | Found a roughly hewn altar of Beogh.
 38952 | Orc:2    | Found Lyllip's Gadget Boutique.
 39007 | Orc:2    | Bought a wand of digging (3) for 224 gold pieces
 39007 | Orc:2    | Bought a wand of iceblast (7) for 176 gold pieces
 39007 | Orc:2    | Bought a wand of paralysis (7) for 144 gold pieces
 39007 | Orc:2    | Bought a wand of enslavement (12) for 224 gold pieces
 39263 | Orc:2    | Found a roughly hewn altar of Beogh.
 39306 | Orc:2    | Found a roughly hewn altar of Beogh.
 39472 | Orc:2    | Found Ferchenea's Antique Weapon Emporium.
 39473 | Orc:2    | Found a roughly hewn altar of Beogh.
 39476 | Orc:2    | Found Ceczops's Antique Armour Shoppe.
 39493 | Orc:2    | Found a staircase to the Elven Halls.
 39676 | Orc:2    | Found a roughly hewn altar of Beogh.
 39681 | Orc:2    | Found Lyllip's Gadget Boutique.
 39743 | Orc:2    | Found a roughly hewn altar of Beogh.
 39744 | Orc:2    | Found Molayrphu's Distillery.
 39823 | Orc:2    | Bought a glowing war axe for 214 gold pieces
 39852 | Elf:1    | Entered Level 1 of the Elven Halls
 39875 | Elf:1    | Found a radiant altar of Vehumet.
 40292 | Elf:1    | Got a scintillating copper ring
 40293 | Elf:1    | Identified the ring of Usoshra {rF+ rN+ AC+3} (You acquired
                  | it on level 1 of the Elven Halls)
 40598 | Elf:1    | HP: 4/119 [deep elf archer/arrow (27)]
 40916 | Elf:1    | Found a transporter.
 40924 | Elf:1    | Found a bloodstained altar of Trog.
 40931 | Elf:1    | Found a transporter.
 40932 | Elf:1    | Identified the cursed +1 rapier of the Head {protect, *Rage
                  | rElec rF+}
 40932 | Elf:1    | Identified the +5 rapier of Paper {antimagic, rPois Int+6}
 40932 | Elf:1    | Noticed a deep elf blademaster
 40932 | Elf:1    | Noticed CymothoaExigua's ghost (adept OpEE)
 40932 | Elf:1    | Identified the +5 rapier of Yredelemnul {holy, -Tele Dex+7
                  | SInv}
 40932 | Elf:1    | Identified the +10 rapier "Veipo" {antimagic, rF+}
 40932 | Elf:1    | Noticed a deep elf blademaster
 40942 | Elf:1    | Identified the +9 longbow of Radicalism {freeze, rElec
                  | Stlth+}
 40942 | Elf:1    | Noticed a deep elf master archer
 41884 | Elf:1    | Shot with an arrow by a deep elf archer

Levels and vault maps discovered:
D:1:      minmay_arrival_glassed_features, layout_basic
D:2:      layout_loops_cross, makhleb_blood_cavern_becter,
          nicolae_tso_carved_into_rock, uniq_natasha
D:3:      layout_basic, lemuel_zombie_altar_kikubaaqudgha, first_ration,
          gup_sewer_entry_spiral, minivault_11
D:4:      layout_loops_ring, serial_shops,
          nicolae_shop_competitors_out_of_business, uniq_sigmund
D:5:      layout_cave_pools, nicolae_overflow_crystal_walls,
          chequers_temple_overflow_statue_of_worship
D:6:      layout_basic, eat_drink_and_be_merry_uskayaw,
          hellmonk_ghost_happy_afterlife, uniq_prince_ribbit1
D:7:      layout_loops_ring, nicolae_qazlal_general_emergency,
          minmay_temple_entry_arrows, lemuel_old_faithful
D:8:      minmay_klotski, layout_loops_ring, grunt_dithmenos_smoke_and_mirrors,
          old_standard_altar, lair_entry_dummy, enter_bailey_3, feat_on_display
D:9:      layout_roguey, special_room [special_room_kobold],
          serial_bayou_lake_a, uniq_pikel
D:10:     layout_irregular_city
D:11:     layout_roguey, orc_david_3, gauntlet_entry_generic,
          hangedman_fish_farm
D:12:     layout_rooms, serial_shops, nicolae_shop_stone, shop_statue, shop,
          kennysheep_little_box, shop_coins, mrwooster_statue_mirror
D:13:     layout_cave_pools, gammafunk_ghost_spectres
D:14:     minmay_bloctagon_deflated, layout_long_grid, david_vaults_5,
          nicolae_sextant, portal_ice_cave_demonic_guard
D:15:     hangedman_slaughterboxes, uniq_agnes
Lair:1:   minmay_guarded_unrand_snakebite, layout_loops_ring, minivault_27,
          infiniplex_staircase_pool, minmay_lair_oklob_chamber
Lair:2:   layout_cave_pods, minmay_swamp_entry_reptiles,
          minmay_snake_entry_guardpost_small, uniq_sonja
Lair:3:   layout_cave_pods
Lair:4:   layout_misc_corridors, basic_altar, gammafunk_ghost_necromancy,
          serial_bayou_lagoon_a
Lair:5:   layout_long_grid, beast_lair_carwin_9, infiniplex_staircase_pool_2
Lair:6:   evilmike_catoblepas_cave, layout_cave_shapes,
          nicolae_slime_entry_slimehenge
Orc:1:    layout_caves, basic_altar, uniq_harold, uniq_maurice
Orc:2:    grunt_orc_community_town_hall, layout_diamond_mine,
          grunt_orc_community_big_house_2, grunt_orc_community_big_house_1,
          grunt_orc_community_house_2, grunt_orc_community_house_1,
          grunt_orc_community_house_3, grunt_orc_community_house_1,
          nicolae_volcano_entry_lava_flow
Elf:1:    eino_elf_arrival_altar, layout_geoelf_octagon,
          gammafunk_ghost_wrathful_warriors, evilmike_minifort

Skill      XL: |  1  2  3  4  5  6  7  8  9 10 11 12 13 14 15 16 |
---------------+-------------------------------------------------+-----
Fighting       | 4 5 6 7 8 11 12 13 14 | 14.4
Invocations    | 1 3 4 6 |  6.0
Dodging        | 4 5 8 11 | 11.0
Evocations     | 2 3 7 10 11 | 11.8
Maces & Flails | 3 |  3.3
Polearms       | 5 9 10 | 10.1
Axes           | 4 8 12 14 | 14.8
Shields        | 4 6 7 |  7.8
Short Blades   | |  3.0
Stealth        | |  2.6

Action                   |  1- 3 |  4- 6 |  7- 9 | 10-12 | 13-15 | 16-18 || total
-------------------------+-------+-------+-------+-------+-------+-------++-------
Melee: Short sword       |    63 |   142 |    72 |       |       |       ||   277
       Constrict         |    16 |    36 |    61 |    93 |   119 |    41 ||   366
       Tentacles         |    14 |    31 |    74 |    94 |   228 |    47 ||   488
       Falchion          |       |       |   179 |    49 |       |       ||   228
       Halberd           |       |       |       |   256 |       |       ||   256
       Broad axe         |       |       |       |   165 |   985 |   235 ||  1385
       War axe           |       |       |       |       |    27 |       ||    27
Throw: Dart              |       |       |    20 |     7 |    13 |       ||    40
Invok: Lesser Servant of |       |       |     4 |    14 |    16 |       ||    34
       Minor Destruction |       |       |       |    16 |    17 |       ||    33
 Abil: Evoke Invisibilit |       |       |       |       |     2 |       ||     2
Evoke: Wand              |       |       |     9 |    10 |    36 |     6 ||    61
       Phial of floods   |       |       |       |       |     1 |       ||     1
  Use: Scroll            |       |     4 |    10 |     9 |    16 |     4 ||    43
       Potion            |       |       |     1 |    10 |     7 |     4 ||    22
 Stab: Sleeping          |     4 |    12 |     8 |    19 |    43 |    10 ||    96
       Distracted        |     1 |     2 |       |     5 |     6 |       ||    14
       Paralysed         |       |       |     1 |       |    12 |       ||    13
       Invisible         |       |       |       |       |     1 |       ||     1
  Eat: Chunk             |       |     6 |    17 |    17 |    38 |     2 ||    80
       Ration            |       |     1 |       |     5 |     6 |     3 ||    15
Armor: Skin              |     6 |       |     8 |     7 |    18 |     8 ||    47
Dodge: Dodged            |    57 |    87 |   216 |   453 |   568 |    87 ||  1468
Block: Buckler           |       |       |       |       |    82 |       ||    82
       Shield            |       |       |       |       |   269 |   137 ||   406
       Rpst.: Falchion   |       |       |    38 |    20 |       |       ||    58

Table legend:
 A = Non-vault XP
 B = Vault XP
 C = Vault XP percentage of total XP
 D = Non-vault monster count
 E = Vault monster count
 F = Vault count percentage of total count
                 A         B        C        D         E       F
            +---------+---------+-------+---------+---------+-------
      Total |   82309 |   68260 |  45.3 |     568 |     323 |  36.3
            +---------+---------+-------+---------+---------+-------
        D:1 |      37 |       0 |   0.0 |      22 |       0 |   0.0
        D:2 |     134 |      80 |  37.4 |      23 |       2 |   8.0
        D:3 |      57 |      51 |  47.2 |      17 |       9 |  34.6
        D:4 |     859 |     220 |  20.4 |      26 |       1 |   3.7
        D:5 |     721 |       0 |   0.0 |      15 |       0 |   0.0
        D:6 |     480 |     665 |  58.1 |      18 |       2 |  10.0
        D:7 |    1276 |       0 |   0.0 |      25 |       0 |   0.0
        D:8 |    1617 |    2047 |  55.9 |      42 |      13 |  23.6
        D:9 |     711 |    1803 |  71.7 |      20 |      18 |  47.4
       D:10 |    3726 |       0 |   0.0 |      23 |       0 |   0.0
       D:11 |    3273 |     829 |  20.2 |      24 |       6 |  20.0
       D:12 |    5375 |       0 |   0.0 |      40 |       0 |   0.0
       D:13 |    6737 |       0 |   0.0 |      37 |       0 |   0.0
       D:14 |   13647 |    5052 |  27.0 |      40 |       8 |  16.7
       D:15 |       0 |    7135 | 100.0 |       0 |      17 | 100.0
     Lair:1 |    6176 |    3488 |  36.1 |      20 |      16 |  44.4
     Lair:2 |    3988 |    1717 |  30.1 |      21 |       8 |  27.6
     Lair:3 |    4563 |       0 |   0.0 |      17 |       0 |   0.0
     Lair:4 |    5000 |       0 |   0.0 |      27 |       0 |   0.0
     Lair:5 |    1647 |    2447 |  59.8 |       5 |       6 |  54.5
     Lair:6 |    7381 |   12368 |  62.6 |      34 |      29 |  46.0
      Orc:1 |    4268 |    1235 |  22.4 |      35 |       2 |   5.4
      Orc:2 |    1417 |    6935 |  83.0 |      18 |      62 |  77.5
      Elf:1 |    9219 |    9447 |  50.6 |      19 |      20 |  51.3
      Sewer |       0 |     278 | 100.0 |       0 |      22 | 100.0
     Bailey |       0 |     578 | 100.0 |       0 |      34 | 100.0
      IceCv |       0 |    4938 | 100.0 |       0 |      22 | 100.0
    Volcano |       0 |    3750 | 100.0 |       0 |      12 | 100.0
   Gauntlet |       0 |    3197 | 100.0 |       0 |      14 | 100.0
            +---------+---------+-------+---------+---------+-------
